Map: Ulrena

Players

Solar - Winner!

  • Race: Zerg Zerg
  • League: Diamond

PartinG

  • Race: Protoss Protoss
  • League: Platinum

Event: DreamHack ROCCAT LotV Championship

VOD

Have the link to the VOD?

Description

Time

  • Played on: Nov. 28, 2015, 2:57 p.m.
  • Length: 10:24

All games in this series

Show
View Real Time Build Order
Export as new Build Order

Solar Zerg - Winner!

Build Orders: Hatch First 

Get SALT Encoding   

  12  0:00  Drone  
  13  0:12  Overlord  
  13  0:18  Drone  
  14  0:31  Drone x2  
  14  0:35  Drone  
  17  0:52  Hatchery  
  17  0:55  Drone  
  17  0:58  Drone  
  18  1:13  Spawning Pool  
  18  1:15  Drone  
  18  1:19  Drone  
  19  1:43  Hatchery  
  19  1:45  Drone  
  19  1:50  Drone  
  20  2:01  Zergling x2  
  20  2:03  Queen  
  20  2:06  Queen  
  25  2:11  Overlord  
  25  2:18  Drone x2  
  25  2:21  Drone  
  28  2:33  Drone x3  
  31  2:39  Overlord  
  31  2:44  Queen  
  31  2:45  Drone  
  31  2:50  Drone  
  35  2:54  Drone  
  35  2:55  Drone  
  35  2:57  Drone  
  38  3:04  Drone  
  39  3:05  Drone  
  39  3:09  Drone  
  39  3:11  Extractor  
  40  3:13  Drone x2, Extractor  
  40  3:14  Overlord  
  40  3:15  Drone x3  
  40  3:17  Zergling x2  
  40  3:18  Zergling x2  
  47  3:27  Spore Crawler  
  47  3:29  Drone x2  
  47  3:33  Spore Crawler  
  47  3:36  Drone x2, Spore Crawler  
  47  3:40  Drone  
  47  3:41  Overlord  
  47  3:42  Drone  
  48  3:49  Zergling x4  
  48  3:50  Zergling x2  
  48  3:52  Drone x3  
  48  3:54  Zergling x2  
  55  3:55  Metabolic Boost  
  55  3:58  Zergling x2  
  56  4:06  Drone x5  
  61  4:12  Zergling x2  
  61  4:13  Zergling x2  
  61  4:16  Overlord  
  62  4:21  Lair  
  62  4:23  Zergling x8  
  59  4:24  Zergling x2  
  59  4:30  Drone x4  
  61  4:36  Evolution Chamber, Drone  
  60  4:39  Drone x2  
  61  4:46  Drone  
  61  4:48  Extractor  
  61  4:49  Drone, Extractor  
  61  4:52  Drone  
  62  4:56  Drone x2  
  62  4:57  Drone x2  
  62  4:59  Extractor  
  65  5:00  Overlord  
  65  5:04  Drone  
  66  5:07  Drone  
  66  5:08  Zerg Melee Weapons Level 1  
  66  5:09  Extractor  
  66  5:12  Drone x2  
  66  5:13  Drone  
  70  5:14  Drone  
  70  5:17  Drone  
  70  5:20  Spire  
  69  5:21  Drone  
  69  5:22  Drone, Overseer  
  69  5:23  Drone  
  69  5:24  Drone  
  73  5:30  Overlord x2  
  73  5:33  Overlord  
  73  5:40  Overlord  
  73  5:45  Drone  
  73  5:46  Hatchery, Drone  
  73  5:47  Overlord  
  73  5:49  Drone x3  
  77  5:50  Drone  
  77  5:51  Drone  
  77  5:53  Drone  
  77  5:55  Drone  
  77  5:56  Drone  
  82  5:57  Drone  
  82  5:58  Drone  
  82  6:00  Drone x2  
  82  6:03  Drone  
  87  6:11  Overlord  
  85  6:13  Overlord  
  85  6:17  Extractor  
  84  6:21  Queen, Extractor  
  85  6:32  Mutalisk x9  
  87  6:35  Zerg Flyer Weapons Level 1  
  103  6:43  Corruptor x2  
  103  6:45  Drone x3  
  109  6:48  Overseer  
  109  6:52  Drone x2  
  109  6:53  Drone  
  109  6:54  Overlord  
  112  6:57  Mutalisk x2  
  112  6:59  Drone x3  
  119  7:05  Corruptor  
  119  7:06  Zergling x2  
  119  7:07  Zergling x4  
  124  7:12  Zerg Melee Weapons Level 2  
  124  7:13  Overlord  
  124  7:14  Overlord  
  124  7:15  Zergling x2  
  125  7:19  Drone  
  124  7:23  Mutalisk x3  
  124  7:25  Drone x2  
  124  7:26  Zergling x2  
  124  7:27  Zergling x2  
  134  7:31  Overlord  
  134  7:32  Mutalisk x2  
  134  7:34  Overlord  
  138  7:41  Mutalisk x2  
  139  7:46  Hatchery  
  139  7:49  Overlord  
  139  7:51  Mutalisk x2  
  138  7:55  Mutalisk  
  138  7:56  Overlord  
  138  7:58  Zergling x10  
  149  8:03  Mutalisk  
  151  8:06  Overlord  
  151  8:12  Drone, Overseer  
  151  8:13  Mutalisk x2  
  155  8:22  Corruptor x2  
  155  8:26  Spore Crawler  
  158  8:33  Corruptor x2  
  160  8:35  Corruptor  
  160  8:37  Overlord  
  160  8:38  Corruptor  
  160  8:40  Zergling x2  
  160  8:41  Zergling x24  
  175  8:48  Corruptor x2  
  175  8:50  Zergling x6  
  175  8:51  Zergling x2  
  175  8:53  Overlord  
  183  9:00  Drone  
  183  9:01  Drone x2  
  183  9:02  Mutalisk  
  186  9:04  Mutalisk  
  186  9:06  Extractor x2  
  188  9:11  Mutalisk  
  188  9:16  Overlord  
  183  9:19  Mutalisk x2  
  183  9:22  Zergling x2  
  183  9:23  Zergling x16  
  185  9:30  Mutalisk x2  
  178  9:33  Zergling x14  
  178  9:38  Mutalisk x2  
  174  9:41  Zergling x8  
  180  9:51  Mutalisk x3  
  186  9:55  Mutalisk  
  186  9:56  Zergling x4  
  186  9:57  Zergling x10  
Show
View Real Time Build Order
Export as new Build Order

PartinG Protoss 

Build Orders: Nexus First, Oracle Opening 

Get SALT Encoding   

  12  0:00  Probe (Chrono Boost)  
  13  0:11  Probe (Chrono Boost)  
  14  0:17  Pylon  
  14  0:22  Probe (Chrono Boost)  
  15  0:36  Probe (Chrono Boost)  
  16  0:46  Probe (Chrono Boost)  
  17  1:00  Nexus  
  17  1:11  Gateway  
  17  1:15  Probe (Chrono Boost)  
  18  1:20  Assimilator  
  19  1:25  Probe (Chrono Boost)  
  19  1:29  Assimilator  
  19  1:36  Probe (Chrono Boost)  
  20  1:46  Probe (Chrono Boost)  
  21  1:57  Probe (Chrono Boost)  
  21  2:01  Cybernetics Core  
  22  2:07  Pylon  
  22  2:08  Probe (Chrono Boost)  
  23  2:12  Zealot  
  23  2:13  Probe (Chrono Boost)  
  26  2:19  Probe (Chrono Boost)  
  27  2:23  Probe (Chrono Boost)  
  27  2:29  Probe (Chrono Boost)  
  29  2:34  Probe (Chrono Boost)  
  30  2:37  Stargate  
  30  2:41  Adept  
  32  2:44  Warp Gate  
  32  2:50  Probe (Chrono Boost)  
  33  2:52  Mothership Core (Chrono Boost)  
  33  2:56  Pylon  
  35  3:00  Probe (Chrono Boost)  
  36  3:08  Adept  
  36  3:10  Probe (Chrono Boost)  
  36  3:12  Probe (Chrono Boost)  
  40  3:18  Pylon  
  40  3:20  Probe (Chrono Boost)  
  40  3:23  Probe (Chrono Boost)  
  40  3:25  Oracle (Chrono Boost)  
  45  3:32  Probe  
  45  3:33  Probe  
  47  3:41  Forge  
  47  3:43  Probe  
  47  3:44  Probe  
  49  4:00  Nexus  
  49  4:05  Probe, Void Ray (Chrono Boost)  
  49  4:07  Probe  
  55  4:16  Probe  
  55  4:19  Probe  
  55  4:26  Probe  
  57  4:31  Probe  
  57  4:37  Probe, Protoss Ground Weapons Level 1 (Chrono Boost), Assimilator  
  55  4:38  Assimilator  
  55  4:43  Probe (Chrono Boost), Pylon  
  55  4:44  Pylon  
  55  4:47  Pylon  
  55  4:49  Probe (Chrono Boost), Twilight Council  
  55  4:50  Robotics Facility  
  56  4:55  Probe (Chrono Boost)  
  57  5:00  Probe (Chrono Boost)  
  57  5:06  Sentry, Probe (Chrono Boost)  
  61  5:08  Photon Cannon  
  61  5:10  Probe (Chrono Boost)  
  61  5:12  Gateway  
  61  5:14  Gateway  
  62  5:16  Probe (Chrono Boost)  
  62  5:19  Probe (Chrono Boost)  
  65  5:21  Probe (Chrono Boost)  
  65  5:22  Resonating Glaives  
  65  5:28  Probe (Chrono Boost)  
  63  5:30  Probe (Chrono Boost)  
  63  5:31  Probe (Chrono Boost)  
  63  5:34  Warp Prism  
  65  5:35  Sentry  
  65  5:38  Probe (Chrono Boost)  
  65  5:40  Probe (Chrono Boost)  
  65  5:42  Probe (Chrono Boost)  
  72  5:44  Gateway  
  72  5:47  Gateway  
  72  5:49  Probe (Chrono Boost)  
  73  5:51  Probe  
  73  5:53  Probe  
  73  5:55  Phoenix  
  77  5:59  Gateway  
  77  6:00  Gateway  
  77  6:02  Sentry  
  77  6:03  Probe  
  80  6:06  Assimilator  
  80  6:08  Assimilator  
  80  6:11  Photon Cannon  
  80  6:12  Pylon  
  80  6:16  Observer, Pylon  
  81  6:20  Phoenix (Chrono Boost)  
  81  6:23  Probe x2  
  81  6:24  Probe  
  86  6:31  Photon Cannon  
  86  6:34  Photon Cannon  
  86  6:36  Gateway  
  86  6:37  Protoss Ground Weapons Level 2  
  86  6:40  Robotics Bay  
  86  6:41  Adept  
  89  6:48  Probe, Observer  
  89  6:49  Pylon  
  90  6:55  Photon Cannon  
  90  6:56  Pylon  
  90  6:57  Adept x3  
  96  7:04  Phoenix (Chrono Boost)  
  96  7:08  Stargate  
  94  7:09  Photon Cannon  
  94  7:10  Stalker  
  96  7:20  Stalker x4  
  104  7:23  Disruptor  
  104  7:26  Phoenix (Chrono Boost)  
  106  7:47  Phoenix (Chrono Boost)  
  106  7:48  Zealot  
  106  7:49  Zealot x3  
  116  7:51  Fleet Beacon  
  116  7:54  Phoenix (Chrono Boost)  
  116  7:57  Disruptor  
  118  7:58  Pylon  
  120  8:13  Phoenix (Chrono Boost)  
  120  8:15  Probe x2  
  120  8:17  Pylon x2  
  120  8:18  Photon Cannon  
  124  8:21  Phoenix (Chrono Boost)  
  126  8:34  Nexus  
  125  8:36  Anion Pulse-Crystals (Chrono Boost)  
  125  8:41  Phoenix, Photon Cannon  
  125  8:43  Pylon, Photon Cannon  
  127  8:50  Stalker x3  
  127  8:51  Phoenix  
  133  8:58  Pylon  
  133  9:05  Adept  
  133  9:07  Adept  
  133  9:09  Stalker  
  139  9:11  Adept  
  139  9:15  Adept  
  139  9:16  Zealot  
  145  9:23  Stalker  
  135  9:24  Zealot  
  131  9:34  Stalker x3  
  131  9:36  Phoenix  
  118  9:44  Phoenix  
  106  9:58  Phoenix  
  99  10:13  Stalker x2  

Tags
 
Add a new tag
Caveats
  • Supply blocks, unpowered buildings, or Contaminate may cause inaccurate times.
  • Supply counts are checked every 10 seconds.